 Dungeon Crawl Stone Soup version 0.17-a0-1508-ge7f3dc3 (webtiles) character file.

33260 Chiseanne the Thaumaturge (level 13, -56/79 HPs)
             Began as a Demonspawn Wizard on July 10, 2015.
             Was a High Priest of Vehumet.
             Annihilated by an enormous slime creature (80 damage)
             ... on level 14 of the Dungeon.
             The game lasted 01:30:19 (22497 turns).

Chiseanne the Thaumaturge (Demonspawn Wizard)      Turns: 22497, Time: 01:30:20

Health: -56/79     AC: 12    Str: 10    XL:     13   Next: 35%
Magic:  4/40       EV: 12    Int: 25    God:    Vehumet [*****.]
Gold:   190        SH:  0    Dex: 15    Spells: 12 memorised, 1 level left

rFire  . . .     SeeInvis .     a - +3 dagger (venom)
rCold  . . .     Clarity  .     X - +3 leather armour {MR+}
rNeg   . . .     SustAt   .     (no shield)
rPois  .         Gourm    .     o - +0 helmet
rElec  .         Spirit   .     p - +1 cloak
rCorr  .         Warding  .     S - +0 pair of gloves {archery}
rMut   .         Stasis   .     (boots unavailable)
MR     +++..                    (no amulet)
Stlth  +++++.....               A - ring of protection from magic
                                x - ring of magical power

@: very slightly contaminated, repel missiles, extremely resistant to hostile
enchantments, quite stealthy
A: hooves 3, thin skeletal structure 2, magic resistance 1, nightstalker 2,
strong 1
a: Renounce Religion


You were on level 14 of the Dungeon.
You worshipped Vehumet.
Vehumet was extremely pleased with you.
You were hungry.

You visited 2 branches of the dungeon, and saw 15 of its levels.

You collected 779 gold pieces.
You spent 589 gold pieces at shops.

Inventory:

Hand weapons
 a - a +3 dagger of venom (weapon)
 d - the +1 quarterstaff of the Countless Songs {elec, Str+4}
   (You bought it in a shop on level 10 of the Dungeon)

   Occasionally, upon striking a foe, it will discharge some electrical energy
   and cause terrible harm.
   It affects your strength (+4).
 e - a +4 arbalest
 s - a +4 whip of slashing
Missiles
 m - 6 throwing nets (quivered)
 w - 9 silver bolts
 y - 95 bolts
 Y - 9 bolts of flame
Armour
 j - a +0 shield
 o - a +0 helmet (worn)
 p - a +1 cloak (worn)
 C - a +1 leather armour of poison resistance
 L - a troll hide
 N - a +0 buckler
 S - a +0 pair of gloves of archery (worn)
 X - a +3 leather armour of magic resistance (worn)
Jewellery
 n - an uncursed ring of teleportation
 u - an uncursed amulet of stasis
 x - a ring of magical power (left hand)
 A - a ring of protection from magic (right hand)
 W - an uncursed ring of ice
Magical devices
 D - a wand of cold (5)
 Q - a wand of digging (6)
 T - a wand of digging (13)
Scrolls
 J - a scroll of magic mapping
 O - a scroll of recharging
 P - 2 scrolls of brand weapon
 V - 7 scrolls of remove curse
 Z - a scroll of teleportation
Potions
 b - a potion of ambrosia
 f - 4 potions of curing
 h - 2 potions of might
 l - a potion of magic
 q - a potion of invisibility
 t - a potion of brilliance
 F - a potion of cancellation
 G - a potion of cure mutation
 M - a potion of flight {unknown}
 U - a potion of lignification
Books
 i - an Akashic Record

   Spells                             Type                      Level
   a - Dispersal                      Translocation                6
   b - Controlled Blink               Translocation                7
   c - Malign Gateway                 Summoning/Translocation      7
   d - Disjunction                    Translocation                8
 r - a book of Annihilations

   Spells                             Type                      Level
   a - Poison Arrow                   Conjuration/Poison           6
   b - Chain Lightning                Conjuration/Air              8
   c - Lehudib's Crystal Spear        Conjuration/Earth            8
   d - Glaciate                       Conjuration/Ice              9
   e - Fire Storm                     Conjuration/Fire             9
 v - a book of Party Tricks

   Spells                             Type                      Level
   a - Summon Butterflies             Summoning                    1
   b - Apportation                    Translocation                1
   c - Tukima's Dance                 Hexes                        3
   d - Alistair's Intoxication        Transmutation/Poison         4
   e - Invisibility                   Hexes                        6
 K - a book of Fire

   Spells                             Type                      Level
   a - Ignite Poison                  Fire/Transmutation/Poison    3
   b - Fireball                       Conjuration/Fire             5
   c - Bolt of Fire                   Conjuration/Fire             6
   d - Delayed Fireball               Conjuration/Fire             7
   e - Ring of Flames                 Charms/Fire                  7
 R - a book of Flames

   Spells                             Type                      Level
   a - Flame Tongue                   Conjuration/Fire             1
   b - Throw Flame                    Conjuration/Fire             2
   c - Conjure Flame                  Conjuration/Fire             3
   d - Inner Flame                    Hexes/Fire                   3
   e - Sticky Flame                   Conjuration/Fire             4
   f - Fireball                       Conjuration/Fire             5
Comestibles
 c - a slice of pizza
 g - 4 chunks of flesh
 k - 7 meat rations
 B - 5 bread rations


   Skills:
 - Level 7.5 Armour
 - Level 1.7 Dodging
 - Level 7.0 Stealth
 * Level 14.2 Spellcasting
 - Level 10.0 Conjurations
   Level 1.0 Summonings
 - Level 0.8 Translocations
 * Level 8.2 Fire Magic


You had one spell level left.
You knew the following spells:

 Your Spells              Type           Power        Failure   Level  Hunger
a - Magic Dart            Conj           ####         1%          1    None
b - Searing Ray           Conj           ######       1%          2    None
c - Stone Arrow           Conj/Erth      #####.       1%          3    None
d - Iskenderun's Battles  Conj/Chrm      #####...     4%          5    ##.....
e - Fireball              Conj/Fire      ######....   1%          5    ##.....
f - Mephitic Cloud        Conj/Pois/Air  ####....     1%          3    None
g - Sticky Flame          Conj/Fire      ######..     1%          4    None
h - Repel Missiles        Chrm/Air       ###...       8%          2    None
i - Blink                 Tloc           N/A          6%          2    None
j - Conjure Flame         Conj/Fire      ######..     1%          3    None
k - Bolt of Fire          Conj/Fire      ######....   4%          6    ####...
l - Inner Flame           Hex/Fire       #####...     1%          3    None


Dungeon Overview and Level Annotations

Branches:
Dungeon (14/15)            Temple (1/1) D:5            Lair (0/8) D:8
    Orc (0/4) D:9          Vaults (0/5) D:14

Altars:
Dithmenos
Elyvilon
Kikubaaqudgha
Nemelex Xobeh
Okawaru
Qazlal
Ru
Trog
Vehumet
Xom
Yredelemnul
The Shining One

Shops:
D:9 [   D:10 (::[   D:11 =

Annotations:
D:3 Terence


Innate Abilities, Weirdness & Mutations

You have hooves in place of feet.
You have a moderately thin skeletal structure (Dex +4, Stealth+).
You are significantly more attuned to the shadows.
You are resistant to hostile enchantments.
Your muscles are strong. (Str +2)


Message History

You are feeling hungry.
You are engulfed in a cloud of scalding steam.
The very large slime creature is engulfed in roaring flames.
The very large slime creature hits you!!!
Ouch! That really hurt!
* * * LOW HITPOINT WARNING * * *
The slime creature is engulfed in roaring flames.
Two slime creatures merge to form an enormous slime creature.
Read which item? (? for menu, Esc to quit)
Okay, then.
Drink which item? (? for menu, Esc to quit)
Okay, then.
You enter the shallow water.
Moving in this stuff is going to be slow.
The enormous slime creature is engulfed in roaring flames.
The enormous slime creature is engulfed in a cloud of scalding steam.
The enormous slime creature barely misses you.
The enormous slime creature hits you!!!!
Ouch! That really hurt!
You die...

.... #.. ....# #§# ....#
≈######§# .... #.....≈.# ...
#.###≈≈≈## #.#..... ..# ##≈≈≈≈≈##
#.#....#
..##############J≈≈≈≈≈≈###.#....#
.....)..........@≈≈≈≈≈≈..#.#....#
#.###########.#.#≈≈)≈≈##.#.#.....
.....##.....#.#.##)))###.#.#..###
......'.........(.)≈)).......>...
...#.÷#.....#.#(########.###.####
##....#.....#.#.# #.#......<
......#.....#.#.# #.###.####
###...#.....#.#.##≈ #.#§...§#
......#.....#.#.#≈≈ #.#.....##


You could see an enormous slime creature.

Vanquished Creatures
  An ogre mage (D:14)
  A hydra (D:12)
  2 centaur warriors
  A giant orange brain (shapeshifter) (D:14)
  4 unseen horrors
  4 hill giants
  A manticore (D:14)
  A griffon (D:14)
  14 ugly things
  2 cyclopes
  An elephant (D:8)
  4 centaur zombies
  Psyche (D:9)
  2 centaur skeletons (D:11)
  A komodo dragon (D:11)
  3 kobold demonologists (D:13)
  A tengu conjurer (D:13)
  4 trolls
  2 two-headed ogres (D:14)
  A trapdoor spider zombie (D:10)
  4 shadows
  4 slime creatures (D:12)
  A spriggan (D:7)
  A wyvern (D:13)
  A basilisk (D:12)
  3 hippogriffs
  Eustachio (D:6)
  8 yaks
  3 hungry ghosts
  4 water elementals
  Grum (D:8)
  A deep elf mage (D:14)
  A soldier ant (D:13)
  2 vampire mosquitoes (D:13)
  3 wolves (D:8)
  A mottled dragon (D:13)
  6 ice beasts
  5 orc warriors
  4 black bears
  14 centaurs
  5 ogres
  An eye of draining (D:10)
  2 phantoms
  5 boggarts (D:14)
  7 sky beasts
  2 crocodiles (D:8)
  3 necrophages
  2 big kobolds
  11 giant frogs
  A water moccasin zombie (D:10)
  5 scorpions
  9 killer bees
  A wyvern skeleton (D:14)
  6 wights
  4 crimson imps
  4 jellies
  2 electric eels
  2 giant frog zombies
  3 lava snakes (D:9)
  2 quasits (D:14)
  2 iguanas
  4 hounds
  A gnoll shaman (D:8)
  9 orc wizards
  12 worker ants
  3 orc priests
  4 giant frog skeletons
  3 sheep (D:14)
  2 hound zombies (D:10)
  2 hound skeletons
  17 adders
  A worker ant zombie (D:10)
  12 gnolls
  3 shadow imps (D:11)
  An ooze (D:2)
  3 adder zombies
  A worm (D:2)
  53 orcs
  3 ball pythons
  24 bats
  2 bat skeletons (D:7)
  2 giant cockroaches
  12 goblins
  22 hobgoblins
  6 jackals
  24 kobolds
  3 quokkas
  6 giant geckos
  A giant gecko skeleton (D:5)
  2 giant gecko zombies (D:6)
  3 giant newts
  A quokka zombie (D:7)
  24 rats
464 creatures vanquished.

Vanquished Creatures (others)
  A fungus (D:8)
1 creature vanquished.

Grand Total: 465 creatures vanquished

Notes
Turn   | Place    | Note
--------------------------------------------------------------
     0 | D:1      | Chiseanne the Demonspawn Wizard began the quest for the Orb.
     0 | D:1      | Reached XP level 1. HP: 13/13 MP: 4/4
   366 | D:1      | Gained mutation: You are slightly more attuned to the shadows. [demonic ancestry]
   366 | D:1      | Reached XP level 2. HP: 19/19 MP: 1/6
   982 | D:1      | Learned a level 2 spell: Call Imp
   985 | D:1      | Learned a level 2 spell: Repel Missiles
  1008 | D:1      | Learned a level 2 spell: Blink
  1053 | D:2      | Reached XP level 3. HP: 21/24 MP: 1/8
  2003 | D:2      | Reached skill level 4 in Spellcasting
  2003 | D:2      | Gained mutation: You have a somewhat thin skeletal structure (Dex +2, Stealth). [demonic ancestry]
  2003 | D:2      | Reached XP level 4. HP: 30/30 MP: 6/10
  2653 | D:3      | Learned a level 3 spell: Conjure Flame
  2834 | D:3      | Noticed Terence
  3688 | D:4      | Gained mutation: You have a moderately thin skeletal structure (Dex +4, Stealth+). [demonic ancestry]
  3688 | D:4      | Reached XP level 5. HP: 35/35 MP: 3/11
  4420 | D:4      | Learned a level 3 spell: Mephitic Cloud
  4902 | D:4      | Reached skill level 5 in Spellcasting
  4902 | D:4      | Reached XP level 6. HP: 22/41 MP: 1/13
  5247 | D:5      | Entered Level 5 of the Dungeon
  5768 | D:5      | Found a staircase to the Ecumenical Temple.
  5808 | D:5      | Found a bloodstained altar of Trog.
  5824 | Temple   | Entered the Ecumenical Temple
  5839 | Temple   | Became a worshipper of Vehumet
  5988 | D:5      | Reached skill level 5 in Conjurations
  6023 | D:5      | Found a basalt altar of Yredelemnul.
  6176 | D:6      | Reached XP level 7. HP: 38/46 MP: 15/15
  6437 | D:6      | Noticed Eustachio
  6450 | D:6      | Killed Eustachio
  6450 | D:6      | Reached skill level 6 in Spellcasting
  6772 | D:6      | Reached skill level 1 in Armour
  7053 | D:6      | Gained mutation: You have large cloven feet. [demonic ancestry]
  7053 | D:6      | Reached XP level 8. HP: 52/52 MP: 16/17
  7508 | D:7      | Acquired Vehumet's first power
  7508 | D:7      | Offered knowledge of Freeze by Vehumet.
  7659 | D:7      | Reached skill level 7 in Spellcasting
  7801 | D:7      | Found a shadowy altar of Dithmenos.
  7804 | D:7      | Found an iron altar of Okawaru.
  7806 | D:7      | Found a white marble altar of Elyvilon.
  7880 | D:7      | Found a shimmering altar of Xom.
  8524 | D:7      | Gained mutation: You are significantly more attuned to the shadows. [demonic ancestry]
  8524 | D:7      | Reached XP level 9. HP: 33/57 MP: 20/20
  9149 | D:8      | Offered knowledge of Sandblast by Vehumet.
  9154 | D:8      | Noticed an elephant
  9197 | D:8      | Killed an elephant
  9197 | D:8      | Reached skill level 5 in Armour
  9197 | D:8      | Reached skill level 8 in Spellcasting
  9221 | D:8      | Noticed Grum
  9233 | D:8      | Killed Grum
  9651 | D:8      | Reached skill level 5 in Stealth
  9916 | D:8      | Offered knowledge of Searing Ray by Vehumet.
  9965 | D:8      | Reached XP level 10. HP: 61/63 MP: 11/22
 10237 | D:8      | Learned a level 2 spell: Searing Ray
 10272 | D:8      | Found a glowing golden altar of the Shining One.
 10388 | D:8      | Acquired Vehumet's second power
 10471 | D:8      | Found a staircase to the Lair.
 10530 | D:8      | Gained mutation: Your muscles are strong. (Str +2) [potion of beneficial mutation]
 10531 | D:8      | Gained mutation: You are resistant to hostile enchantments. [potion of beneficial mutation]
 10546 | D:8      | Reached skill level 9 in Spellcasting
 11400 | D:9      | Found a staircase to the Orcish Mines.
 11416 | D:9      | Offered knowledge of Stone Arrow by Vehumet.
 11531 | D:9      | Learned a level 3 spell: Stone Arrow
 11662 | D:9      | Learned a level 4 spell: Sticky Flame
 11668 | D:9      | Learned a level 5 spell: Fireball
 11679 | D:9      | Found Nujily's Antique Armour Boutique.
 11687 | D:9      | Bought a pair of runed gloves for 117 gold pieces
 11858 | D:9      | Noticed Psyche
 11862 | D:9      | Killed Psyche
 12241 | D:10     | Entered Level 10 of the Dungeon
 12247 | D:10     | Found Ocsaop's Book Shop.
 12678 | D:10     | Found Higaig's Antique Weapon Shop.
 12681 | D:10     | Bought a translucent quarterstaff for 225 gold pieces
 12683 | D:10     | Identified the +1 quarterstaff of the Countless Songs {elec, Str+4} (You bought it in a shop on level 10 of the Dungeon)
 12827 | D:10     | Found Uwnamul's Antique Armour Shoppe.
 13253 | D:10     | Found Gewech's Book Emporium.
 13295 | D:10     | Reached skill level 10 in Spellcasting
 13666 | D:10     | Noticed an unseen horror
 13669 | D:10     | Killed an unseen horror
 13865 | D:10     | Gained mutation: You have hoof-like feet. [demonic ancestry]
 13865 | D:10     | Reached XP level 11. HP: 60/68 MP: 25/25
 14290 | D:10     | Acquired Vehumet's third power
 14451 | D:10     | Offered knowledge of Static Discharge by Vehumet.
 14506 | D:10     | Noticed a hill giant
 14525 | D:10     | Killed a hill giant
 14718 | D:11     | Found Epaesah's Jewellery Boutique.
 15183 | D:11     | Reached skill level 11 in Spellcasting
 16518 | D:12     | Noticed a hill giant
 16522 | D:12     | Killed a hill giant
 16859 | D:12     | Offered knowledge of Poisonous Cloud by Vehumet.
 16889 | D:12     | Noticed an eight-headed hydra
 17079 | D:11     | Learned a level 6 spell: Bolt of Fire
 17105 | D:12     | Noticed a hill giant
 17112 | D:12     | Killed a hill giant
 17112 | D:12     | Reached skill level 12 in Spellcasting
 17207 | D:12     | Killed an eight-headed hydra
 17623 | D:12     | Reached skill level 10 in Conjurations
 17758 | D:11     | Reached skill level 1 in Fire Magic
 17758 | D:11     | Reached XP level 12. HP: 57/74 MP: 22/28
 18112 | D:12     | Learned a level 3 spell: Inner Flame
 18654 | D:13     | Reached skill level 13 in Spellcasting
 18872 | D:10     | Bought a warped chain mail for 247 gold pieces
 18890 | D:10     | Identified the +5 chain mail of Beroz {rPois Dex+3 Stlth-} (You bought it in a shop on level 10 of the Dungeon)
 18954 | D:11     | Noticed an unseen horror
 18985 | D:11     | Killed an unseen horror
 19159 | D:13     | Reached skill level 5 in Fire Magic
 19619 | D:13     | Noticed a centaur warrior
 19630 | D:13     | Killed a centaur warrior
 20214 | D:14     | Noticed a centaur warrior
 20220 | D:14     | Killed a centaur warrior
 20527 | D:14     | Offered knowledge of Iskenderun's Battlesphere by Vehumet.
 20620 | D:14     | HP: 1/74 [red ugly thing (23)]
 21025 | D:14     | Gained mutation: You have hooves in place of feet. [demonic ancestry]
 21025 | D:14     | Reached XP level 13. HP: 66/79 MP: 25/30
 21554 | D:14     | Learned a level 5 spell: Iskenderun's Battlesphere
 21788 | D:14     | Found a stormy altar of Qazlal.
 21842 | D:14     | Reached skill level 14 in Spellcasting
 21846 | D:14     | Noticed an ogre mage
 21856 | D:14     | Killed an ogre mage
 22015 | D:14     | Found a gate to the Vaults.
 22497 | D:14     | Annihilated by an enormous slime creature

Vault maps used:
D:1:      minmay_arrival_stone_box
D:3:      uniq_terence
D:4:      serial_forest, infiniplex_forest_lined_2,
          infiniplex_forest_clump_medium, infiniplex_forest_straight_2,
          infiniplex_forest_lined_3_way, infiniplex_forest_clump_C,
          infiniplex_forest_lined_3, infiniplex_forest_clump_large,
          minmay_misc_feat_encased
D:5:      bloody_trog, yredelemnul_altar_generic,
          minmay_temple_entry_glassed_door, first_bread
D:6:      uniq_eustachio
D:7:      lemuel_round_altar, nicolae_overflow_hidden_temple, the_bakery
D:8:      tso_metal_star, david_lair_generic, uniq_grum
D:9:      orc_0_dummy, serial_shops, nicolae_shop_trees,
          kennysheep_cluttered_room, uniq_psyche
D:10:     lemuel_upstairs_altar, serial_shops, nicolae_shop_stone,
          kennysheep_mini, kennysheep_mini_moat, nicolae_shop_crystal,
          serial_undead, serial_undead_a, serial_undead_a, serial_undead_d,
          serial_undead_d
D:11:     serial_shops, shop
D:12:     nicolae_wwwww
D:13:     statuecave_lemuel
D:14:     david_vaults_2, serial_park_tiny_1, grunt_qazlal_clouds
Temple:   circular_temple_12

Action                   |  1- 3 |  4- 6 |  7- 9 | 10-12 | 13-15 || total
-------------------------+-------+-------+-------+-------+-------++-------
Melee: Dagger            |     6 |    12 |   149 |   234 |    21 ||   422
       Whip              |    10 |    11 |    15 |    12 |       ||    48
       Quarterstaff      |       |       |       |    43 |       ||    43
 Fire: Arbalest          |       |       |       |     3 |       ||     3
Throw: Throwing net      |       |       |       |     1 |       ||     1
 Cast: Magic Dart        |    92 |   176 |   253 |   230 |    17 ||   768
       Repel Missiles    |     1 |       |       |     4 |       ||     5
       Conjure Flame     |       |     4 |    28 |    48 |     4 ||    84
       Blink             |       |     3 |     6 |    17 |     1 ||    27
       Mephitic Cloud    |       |     1 |    17 |    26 |       ||    44
       Fireball          |       |       |       |    83 |    14 ||    97
       Searing Ray       |       |       |       |    21 |     2 ||    23
       Stone Arrow       |       |       |       |    62 |    37 ||    99
       Sticky Flame      |       |       |       |     6 |     1 ||     7
       Bolt of Fire      |       |       |       |     2 |     7 ||     9
       Inner Flame       |       |       |       |     1 |       ||     1
       Iskenderun's Batt |       |       |       |       |     2 ||     2
Evoke: Wand              |       |       |       |     1 |       ||     1
  Use: Scroll            |     5 |     8 |     5 |    13 |       ||    31
       Potion            |       |       |       |     6 |       ||     6
 Stab: Sleeping          |       |     3 |     6 |     8 |     1 ||    18
       Confused          |       |       |     2 |     6 |       ||     8
       Distracted        |       |       |       |     2 |       ||     2
       Invisible         |       |       |       |     1 |       ||     1
  Eat: Chunk             |     2 |    12 |    12 |    30 |     4 ||    60
       Pizza             |       |     1 |       |       |       ||     1
       Fruit             |       |     1 |       |       |       ||     1
       Beef jerky        |       |       |     1 |     2 |       ||     3
       Bread ration      |       |       |       |     4 |       ||     4
